 Dungeon Crawl Stone Soup version 0.30-a0-567-gf7fd966b4a (webtiles) character file.

Game seed: 17418029947016651633

26 Barriton the Gusty (level 2, 0/20 HPs)
             Began as a Draconian Air Elementalist on Dec 28, 2022.
             Was a Follower of Nemelex Xobeh.
             Succumbed to an adder's poison
             ... on level 2 of the Dungeon.
             The game lasted 00:01:57 (848 turns).

Barriton the Gusty (Draconian Air Elementalist)      Turns: 848, Time: 00:01:57

Health: 0/20       AC:  4    Str: 10    XL:     2   Next: 89%
Magic:  1/5        EV: 12    Int: 15    God:    Nemelex Xobeh [*.....]
Gold:   86         SH:  0    Dex: 11    Spells: 4/5 levels left

rFire   + . .      SeeInvis .    (no weapon)
rCold   . . .      Faith    .    (no shield)
rNeg    . . .      Spirit   +    (body armour unavailable)
rPois   .          Reflect  .    (helmet restricted)
rElec   .          Harm     .    (no cloak)
rCorr   .          Rampage  .    (no gloves)
Will    .....                    (no boots)
Stlth   ++                       e - amulet of guardian spirit
HPRegen 0.23/turn                g - ring of protection from fire
MPRegen 0.09/turn                (no ring)

@: lethally poisoned (0 -> -2)
A: AC +4, unfitting armour, cold-blooded
a: Renounce Religion, Draw Escape, Draw Destruction, Draw Summoning


You were on level 2 of the Dungeon.
You worshipped Nemelex Xobeh.
Nemelex Xobeh was aware of your devotion.
You visited 1 branch of the dungeon, and saw 2 of its levels.

You collected 86 gold pieces.

Inventory:

Jewellery
 e - an amulet of guardian spirit (around neck)
 g - a ring of protection from fire (left hand)
Potions
 a - a potion of magic
 b - a potion of brilliance {unknown}
 c - a potion of curing {unknown}
 d - a potion of attraction {unknown}
 f - a potion of degeneration {unknown}
 h - a potion of resistance {unknown}
 i - a potion of mutation {unknown}


   Skills:
 + Level 1.9 Dodging
 + Level 1.9 Stealth
 + Level 0.5 Unarmed Combat
 + Level 2.2 Spellcasting
 + Level 1.2 Conjurations
 + Level 3.6 Air Magic


You had 4 spell levels left.
You knew the following spells:

 Your Spells              Type           Power      Damage    Failure   Level
a - Shock                 Conj/Air       32%        1d5       9%          1

Your spell library contained the following spells:

 Spells                   Type           Power      Damage    Failure   Level
 Static Discharge         Conj/Air       16%        2-3/arc   12%         2
 Swiftness                Air            12%        N/A       14%         3
 Momentum Strike          Conj/Tloc      6%         3d8       26%         2
 Blink                    Tloc           2%         N/A       32%         2
 Airstrike                Air            6%         2d(1-17)  43%         4
 Dazzling Flash           Conj/Hex       6%         N/A       45%         3
 Lesser Beckoning         Tloc           2%         N/A       54%         3
 Iskenderun's Mystic Bla  Conj/Tloc      3%         2d3       86%         4
 Starburst                Conj/Fire      1%         6d3       100%        6


Dungeon Overview and Level Annotations

Branches:
Dungeon (2/15)

Altars:
Nemelex Xobeh


Innate Abilities, Weirdness & Mutations

Your plain brown scales are hard. (AC +4)
You cannot fit into any form of body armour.
You are cold-blooded and may be slowed by cold attacks.


Message History

The zap hits the adder.
The adder is almost dead.
The zap misses the adder.
You feel sick. The adder bites you.
Casting: Shock (safe; 9% risk of failure)
Confirm with . or Enter, or press ? or * to list all spells.
You don't have enough magic to cast this spell.
You closely miss the adder.
The adder is almost dead.
You feel sick. The adder barely misses you. x2
You closely miss the adder.
The adder is almost dead.
You feel sick. The adder barely misses you.
You hit the adder but do no damage.
The adder is almost dead.
You feel sick.
You are no longer poisoned.
The adder closely misses you.
You miss the adder.
The adder is almost dead.
The adder closely misses you. The adder bites you.
* * * LOW HITPOINT WARNING * * *
You are lethally poisoned!
The adder poisons you!
You barely miss the adder.
The adder is almost dead.
* * * LOW HITPOINT WARNING * * *
You feel sick. The adder closely misses you.
You hit the adder but do no damage.
The adder is almost dead.
* * * LOW HITPOINT WARNING * * *
You feel sick. The adder bites you.
* * * LOW HITPOINT WARNING * * *
You closely miss the adder.
The adder is almost dead.
* * * LOW HITPOINT WARNING * * *
You feel sick. The adder barely misses you.
You hit the adder.
The adder is almost dead.
You die...
Your body disappears without a glow.

. .... ...>.
...... ####>.....
##.........
#S@##.......
#...#.........
#.###......... #
#.........
##.........
.#####..........
................
.....####.........
.... #.#####...


You could see an adder.

Vanquished Creatures
  2 adders (D:2)
  An endoplasm (D:1)
  A giant cockroach (D:1)
  A hobgoblin (D:1)
  2 kobolds
  A rat (D:1)
8 creatures vanquished.

Notes
Turn   | Place    | Note
-------+----------+-------------------------------------------
     0 | D:1      | Barriton the Draconian Air Elementalist began the quest for
                  | the Orb.
     0 | D:1      | Reached XP level 1. HP: 14/14 MP: 3/3
   420 | D:1      | Found a faded altar of an unknown god.
   439 | D:1      | Prayed at the altar of an unknown god.
   439 | D:1      | Became a worshipper of Nemelex Xobeh the Trickster
   439 | D:1      | Reached * piety under Nemelex Xobeh
   665 | D:2      | Reached XP level 2. HP: 20/20 MP: 0/5
   814 | D:2      | Received a gift from Nemelex Xobeh
   847 | D:2      | HP: 1/20 [poisoned by an adder]
   848 | D:2      | Succumbed to an adder's poison

Illustrated notes

Levels and vault maps discovered:
D:1:      spicycebolla_green_bress_n_ham, layout_basic,
          chequers_ecumenical_altar_lobes
D:2:      layout_rooms, uniq_natasha

Action                   || total
-------------------------++-------
Melee: Unarmed           ||    19
       Tailslap          ||     1
 Cast: Shock             ||    20
  Use: Scroll            ||     2
Armor: Skin              ||     8
Dodge: Dodged            ||    15

Table legend: (Time is in decaauts)
 A = Elapsed time spent in this place.
 B = Non-inter-level travel time spent in this place.
 C = Inter-level travel time spent in this place.
 D = Time resting spent in this place.
 E = Time spent auto-exploring this place.
 F = Levels seen in this place.
 G = Mean time per level.
                   A        B        C        D        E       F      G
               +--------+--------+--------+--------+--------+-----+--------+
         Total |    847 |    831 |     16 |      0 |    721 |   2 |  423.5 |
       Dungeon |    847 |    831 |     16 |      0 |    721 |   2 |  423.5 |
               +--------+--------+--------+--------+--------+-----+--------+

Top non-repeatable levels by time:
     D:1: 649 daAuts
     D:2: 197 daAuts
